 Dungeon Crawl Stone Soup version 0.29-a0-271-gd4eb659eea (console) character file.

Game seed: 489849306031381512

4613 jejorda2 the Slicer (level 10, 0/58 (60) HPs)
             Began as a Tengu Brigand on Mar 8, 2022.
             Was a Priest of Okawaru.
             Slain by a wight
             ... wielding a +3 morningstar
              (12 damage)
             ... on level 9 of the Dungeon.
             The game lasted 00:24:50 (9944 turns).

jejorda2 the Slicer (Tengu Brigand)                 Turns: 9944, Time: 00:24:51

HP:   0/58 (60)     AC: 13    Str: 11    XL:     10   Next: 42%
MP:   14/15         EV: 17    Int: 12    God:    Okawaru [***...]
Gold: 264           SH:  0    Dex: 20    Spells: 9/9 levels left

rFire   + . .      SeeInvis .   a - +1 dagger (freeze)
rCold   + + .      Faith    .   (no shield)
rNeg    . . .      Spirit   .   q - +3 scale mail {rPois}
rPois   +          Reflect  .   (helmet restricted)
rElec   .          Harm     .   w - scarf {rC+ rF+}
rCorr   +          Rampage  .   E - +1 pair of gloves
Will    .....                   (boots unavailable)
Stlth   +++.......              t - amulet of the acrobat
HPRegen 0.19/turn               l - ring of resist corrosion
MPRegen 0.14/turn               G - ring of protection from cold

@: heroic, flying quickly and evasively, lightly drained, quick
A: beak, talons 3, nimble flight
a: Renounce Religion, Heroism


You were on level 9 of the Dungeon.
You worshipped Okawaru.
Okawaru was most pleased with you.
You visited 2 branches of the dungeon, and saw 10 of its levels.

You collected 446 gold pieces.
You spent 182 gold pieces at shops.

Inventory:

Hand Weapons
 a - a +1 dagger of freezing (weapon)
 B - a +2 dagger
Missiles
 b - 248 stones
 d - 27 poisoned darts (quivered)
 e - 3 curare-tipped darts
 p - a silver boomerang
 r - 4 boomerangs
 y - 6 silver javelins
 F - 8 atropa-tipped darts
 H - 2 throwing nets
Armour
 c - a +0 cloak
 q - a +3 scale mail of poison resistance (worn)
 v - the +3 leather armour "Xesa" {rF+}
   (You found it on level 3 of the Dungeon)

   rF:        It protects you from fire.
 w - a scarf of resistance (worn)
 E - a +1 pair of gloves (worn)
 J - the +12 plate armour of Juxicw {rF- rC- Will+++}
   (You found it on level 7 of the Dungeon)

   rF:        It makes you vulnerable to fire.
   rC:        It makes you vulnerable to cold.
   Will:      It greatly increases your willpower.
Jewellery
 l - a ring of resist corrosion (left hand)
 t - an amulet of the acrobat (around neck)
 z - a +6 ring of intelligence
 G - a ring of protection from cold (right hand)
Wands
 s - a wand of polymorph (11)
 A - a wand of flame (25)
 D - a wand of iceblast (13)
 I - a wand of paralysis (12)
Scrolls
 f - a scroll of brand weapon {unknown}
 h - 2 scrolls of fog
 u - 3 scrolls of fear
 x - 2 scrolls of teleportation
Potions
 g - a potion of lignification {unknown}
 i - a potion of might
 j - 8 potions of curing
 k - a potion of haste
 m - 2 potions of heal wounds
 n - a potion of mutation {unknown}
 o - a potion of berserk rage
 C - 2 potions of invisibility
 K - 2 potions of ambrosia


   Skills:
 - Level 6.0(11.0) Fighting
 - Level 10.0(15.0) Short Blades
 + Level 5.0(10.0) Throwing
 - Level 4.0(9.0) Armour
 - Level 6.0(11.0) Dodging
 - Level 4.0(9.0) Stealth
 + Level 6.1 Invocations


You had 9 spell levels left.
You didn't know any spells.
Your spell library contained the following spells:

 Spells                   Type           Power      Damage    Failure   Level
 Foxfire                  Conj/Fire      0%         2x1d4     82%         1
 Ensorcelled Hibernation  Hex/Ice        0%         N/A       91%         2
 Conjure Flame            Conj/Fire      0%         6-21      99%         3
 Frozen Ramparts          Ice            0%         1d2       99%         3
 Gell's Gravitas          Tloc           0%         N/A       99%         3
 Ignite Poison            Fire/Tmut/Pois 0%         N/A       99%         3
 Inner Flame              Hex/Fire       0%         N/A       99%         3
 Lesser Beckoning         Tloc           0%         N/A       99%         3
 Mephitic Cloud           Conj/Pois/Air  0%         N/A       99%         3
 Portal Projectile        Hex/Tloc       0%         N/A       99%         3
 Spider Form              Tmut/Pois      0%         N/A       99%         3
 Teleport Other           Tloc           0%         N/A       99%         3
 Airstrike                Air            0%         N/A       100%        4
 Anguish                  Hex/Necr       0%         N/A       100%        4
 Flame Wave               Conj/Fire      0%         2d4       100%        4
 Ice Form                 Ice/Tmut       0%         N/A       100%        4
 Leda's Liquefaction      Hex/Erth       0%         N/A       100%        4
 Freezing Cloud           Conj/Ice/Air   0%         6-21      100%        5
 Lightning Bolt           Conj/Air       0%         1d11      100%        5
 Call Canine Familiar     Summ           Unusable   N/A       N/A         3
 Summon Ice Beast         Ice/Summ       Unusable   N/A       N/A         4
 Summon Lightning Spire   Summ/Air       Unusable   N/A       N/A         4

Dungeon Overview and Level Annotations

Branches:
Dungeon (9/15)             Temple (1/1) D:4            Lair (0/6) D:9
    Orc (0/2) D:9

Altars:
Dithmenos
Elyvilon
Hepliaklqana
Kikubaaqudgha
Okawaru
Qazlal
Uskayaw
Xom
Yredelemnul

Shops:
D:2 (   D:4 [

Annotations:
D:3 3 runed translucent doors, bande's ghost, amateur GrFi
D:8 2 transporters, enile's ghost, novice OgAE


Innate Abilities, Weirdness & Mutations

You have a beak for a mouth.
You have claws for feet.
Your magical nature lets you fly swiftly and evasively.


Message History

Okawaru accepts your kill.
Your base Throwing skill increases to level 5!
The wight barely misses you. The wight completely misses you.
There is an open door, spattered with blood here.
Items here: ( )) [[.
You hit the wight but do no damage. You claw the wight, but do no damage.
The wight completely misses you. The wight barely misses you.
You hit the wight. You claw the wight.
The wight is lightly damaged.
You hit the wight but do no damage. Your kick misses the wight.
The wight is lightly damaged.
The wight misses you. The wight completely misses you.
You hit the wight. You claw the wight.
The wight is moderately damaged.
You hit the wight but do no damage. Your kick misses the wight.
You peck the wight, but do no damage.
The wight is moderately damaged.
The wight hits you with a +4 war axe!
You feel drained.
The wight hits you with a +3 morningstar!
* * * LOW HITPOINT WARNING * * *
You hit the wight. You peck the wight.
The wight is heavily damaged.
You hit the wight but do no damage. You claw the wight, but do no damage.
You peck the wight.
The wight is almost destroyed.
The wight misses you. The wight completely misses you.
You hit the wight but do no damage. Your kick misses the wight.
The wight is almost destroyed.
You barely miss the wight. You peck the wight, but do no damage.
You punch the wight.
You destroy the wight!
Okawaru accepts your kill. The wight misses you.
You hit the wight.
The wight is heavily damaged.
You hit the wight but do no damage. You claw the wight, but do no damage.
You peck the wight, but do no damage.
The wight is heavily damaged.
The wight hits you with a +3 morningstar!
You die...

...#.....#......#############....
...#.....#............#.....#....
...#.....#............#.....#....
+####....########.....+.....#....
#....#......#.....#..Y..#..Y.
#....#......#.....###...#..##
#....#......#.......#..Y...#
+....#......#.......#......#
#....#.....)@)......#......#
#....#.....z#.......#......#
#....#......#.......#......#
+###....###....################
......>.........#
................#
.......[.........#
.................#
....##############


You could see a wight.

Vanquished Creatures
  A troll (D:7)
  A slime creature (D:7)
  Grinder (D:6)
  Sigmund (D:5)
  2 yaks (D:9)
  A steam dragon (D:8)
  Edmund (D:6)
  Menkaure (D:7)
  A water moccasin (D:8)
  An orc warrior (D:8)
  4 ogres
  3 black bears
  2 ice beasts
  2 centaurs
  3 phantoms
  Blork the orc (D:5)
  A gnoll sergeant (D:9)
  3 bullfrogs
  A scorpion (D:6)
  A necrophage (D:6)
  8 wights
  A hound (D:5)
  3 jellies
  6 orc priests
  2 gnoll shamans
  2 iguanas
  Ijyb (D:4)
  Natasha (thrice) (D:2)
  8 orc wizards
  11 gnolls
  8 adders
  A white imp (D:6)
  3 worms
  2 dart slugs
  32 orcs
  3 ball pythons
  5 bats
  9 endoplasms
  2 giant cockroaches
  5 goblins
  7 hobgoblins
  11 jackals
  3 quokkas
  3 frilled lizards
  4 kobolds
  2 rats
177 creatures vanquished.

Vanquished Creatures (others)
  A white imp (D:8)
1 creature vanquished.

Grand Total: 178 creatures vanquished

Notes
Turn   | Place    | Note
-------+----------+-------------------------------------------
     0 | D:1      | jejorda2 the Tengu Brigand began the quest for the Orb.
     0 | D:1      | Reached XP level 1. HP: 12/12 MP: 2/2
    83 | D:1      | Found a faded altar of an unknown god.
   265 | D:1      | Reached XP level 2. HP: 17/17 MP: 3/3
   832 | D:1      | Reached skill level 3 in Short Blades
   939 | D:2      | Reached XP level 3. HP: 17/22 MP: 4/4
  1094 | D:2      | Found Gickac's Weapon Shoppe.
  1102 | D:2      | Bought 5 poisoned darts for 20 gold pieces
  1324 | D:2      | Noticed Natasha
  1337 | D:2      | Killed Natasha
  1338 | D:2      | Reached XP level 4. HP: 10/27 MP: 5/5
  1541 | D:2      | Noticed Natasha
  1548 | D:2      | Killed Natasha
  1549 | D:2      | Reached skill level 4 in Short Blades
  1634 | D:2      | Noticed Natasha
  1637 | D:2      | Killed Natasha
  1638 | D:2      | Gained mutation: Your magical nature lets you fly swiftly
                  | and evasively. [Tengu growth]
  1638 | D:2      | Reached XP level 5. HP: 32/32 MP: 6/6
  1773 | D:3      | Found a runed translucent gate.
  1773 | D:3      | Noticed bande's ghost (amateur GrFi)
  1774 | D:3      | Found a runed translucent gate.
  1774 | D:3      | Found a runed translucent gate.
  1958 | D:3      | Reached skill level 5 in Short Blades
  1958 | D:3      | Reached XP level 6. HP: 8/37 MP: 7/7
  2555 | D:3      | Identified the +3 leather armour "Xesa" {rF+}
  3350 | D:4      | Found a hazy altar of Hepliaklqana.
  3351 | D:4      | Noticed Ijyb
  3361 | D:4      | Killed Ijyb
  3366 | D:4      | Reached skill level 6 in Short Blades
  3366 | D:4      | Reached XP level 7. HP: 42/43 MP: 8/8
  3634 | D:4      | Found a staircase to the Ecumenical Temple.
  3666 | Temple   | Entered the Ecumenical Temple
  3722 | Temple   | Became a worshipper of Warmaster Okawaru
  3826 | D:4      | Found Huschopi's Antique Armour Boutique.
  4003 | D:4      | Reached skill level 7 in Short Blades
  4003 | D:4      | Reached skill level 1 in Invocations
  4003 | D:4      | Reached XP level 8. HP: 44/48 MP: 9/9
  4128 | D:4      | Bought a bloodstained scale mail for 162 gold pieces
  4128 | D:4      | Identified the +6 scale mail of Somewhere Else {Will-
                  | Int+6} (You bought it in a shop on level 4 of the Dungeon)
  4146 | D:5      | Entered Level 5 of the Dungeon
  4507 | D:5      | Noticed Sigmund
  4567 | D:5      | Killed Sigmund
  4568 | D:5      | Reached skill level 5 in Dodging
  4789 | D:5      | Noticed Blork the orc
  4798 | D:5      | Killed Blork the orc
  4798 | D:5      | Reached * piety under Okawaru
  4799 | D:5      | Reached skill level 5 in Fighting
  5228 | D:6      | Noticed Edmund
  5263 | D:6      | Killed Edmund
  5264 | D:6      | Reached skill level 8 in Short Blades
  5741 | D:6      | Reached XP level 9. HP: 53/54 MP: 12/12
  6015 | D:6      | Reached ** piety under Okawaru
  6031 | D:6      | Reached skill level 9 in Short Blades
  6090 | D:6      | Noticed Grinder
  6113 | D:6      | Killed Grinder
  6562 | D:7      | Identified the +12 plate armour of Juxicw {rF- rC- Will+++}
  6656 | D:7      | Reached skill level 1 in Armour
  6867 | D:7      | Noticed Menkaure
  6870 | D:7      | Killed Menkaure
  6870 | D:7      | Noticed a troll
  6945 | D:7      | Killed a troll
  6946 | D:7      | Reached skill level 10 in Short Blades
  7960 | D:8      | Found a transporter.
  7960 | D:8      | Noticed enile's ghost (novice OgAE)
  7992 | D:8      | Found a transporter.
  8104 | D:8      | Reached XP level 10. HP: 60/60 MP: 14/14
  8182 | D:8      | Reached skill level 5 in Invocations
  8307 | D:8      | Reached *** piety under Okawaru
  9716 | D:9      | Found a staircase to the Orcish Mines.
  9719 | D:9      | Found a staircase to the Lair.
  9933 | D:9      | Reached skill level 5 in Throwing
  9944 | D:9      | Slain by a wight

Illustrated notes

Levels and vault maps discovered:
D:1:      wander_arrival_abandoned_jail, layout_loops_ring,
          basic_ecumenical_altar
D:2:      layout_rooms, serial_shops,
          nicolae_shop_temple_entry_statues_fountains, minmay_pentomino_x4,
          uniq_natasha
D:3:      layout_loops_cross, ebering_ghost_rock_garden
D:4:      layout_basic, mainiacjoe_overflow_six_doors_small,
          minmay_temple_entry_drinking_statues, serial_shops, kennysheep_mini,
          nicolae_figureground_pulse, uniq_ijyb, uniq_crazy_yiuf_cottage
D:5:      layout_basic, uniq_blork_the_orc, uniq_sigmund
D:6:      layout_basic, uniq_edmund, uniq_grinder
D:7:      layout_cave_pods, minmay_microvault, uniq_menkaure
D:8:      layout_loops_ring, gammafunk_ghost_arena, kennysheep_small_square
D:9:      layout_grid_maze, lair_entry_dummy, orc_0_dummy
Temple:   mainiacjoe_temple_archimedes_tessellation

Skill      XL: |  1  2  3  4  5  6  7  8  9 10 |
---------------+-------------------------------+-----
Short Blades   | 3 4 5 6 7 8 10 | 10.0
Dodging        | 2 3 4 5 6 |  6.0
Fighting       | 3 4 5 6 |  6.0
Invocations    | 1 2 4 6 |  6.1
Armour         | 3 4 |  4.0
Throwing       | 3 5 |  5.0
Stealth        | |  4.0

Action                   |  1- 3 |  4- 6 |  7- 9 | 10-12 || total
-------------------------+-------+-------+-------+-------++-------
Melee: Dagger            |    63 |   131 |   313 |   208 ||   715
       Kick              |    21 |    41 |   111 |    87 ||   260
       Peck              |     9 |    21 |    85 |    59 ||   174
       Punch             |       |     1 |     4 |     7 ||    12
Throw: Stone             |    33 |    24 |    63 |       ||   120
       Dart              |       |     7 |    12 |     4 ||    23
       Boomerang         |       |     2 |       |       ||     2
       Javelin           |       |     3 |    14 |       ||    17
       Throwing net      |       |       |     2 |       ||     2
Invok: Heroism           |       |       |     1 |     3 ||     4
  Use: Potion            |       |     1 |     1 |       ||     2
       Scroll            |       |       |    14 |     1 ||    15
 Stab: Sleeping          |     7 |     5 |     1 |     1 ||    14
       Held in net/web   |       |       |     1 |       ||     1
Armor: Robe              |     3 |       |       |       ||     3
       Leather armour    |    14 |    12 |    19 |       ||    45
       Scale mail        |       |       |    31 |    31 ||    62
Dodge: Dodged            |    36 |    77 |   127 |   109 ||   349

Table legend: (Time is in decaauts)
 A = Elapsed time spent in this place.
 B = Non-inter-level travel time spent in this place.
 C = Inter-level travel time spent in this place.
 D = Time resting spent in this place.
 E = Time spent auto-exploring this place.
 F = Levels seen in this place.
 G = Mean time per level.
                   A        B        C        D        E       F      G
               +--------+--------+--------+--------+--------+-----+--------+
         Total |   9224 |   8761 |    463 |    174 |   7033 |  10 |  922.4 |
       Dungeon |   9152 |   8717 |    435 |    174 |   6997 |   9 | 1016.9 |
        Temple |     72 |     44 |     28 |      0 |     36 |   1 |   72.0 |
               +--------+--------+--------+--------+--------+-----+--------+

Top non-repeatable levels by time:
     D:6: 1444 daAuts
     D:8: 1443 daAuts
     D:3: 1216 daAuts
     D:7: 1120 daAuts
     D:1: 1085 daAuts
     D:4: 1010 daAuts
     D:5: 767 daAuts
     D:2: 561 daAuts
     D:9: 503 daAuts
  Temple: 72 daAuts
